 Dungeon Sprint DCSS version 0.30.1-4-g462c640d31 (webtiles) character file.

Game seed: 2995360093666336882

14594 Heoruswealwe the Ninja (level 11, 0/56 HPs)
             Began as a Spriggan Artificer on Aug 29, 2023.
             Was an Initiate of Gozag.
             Slain by a fire giant
             ... wielding a +1 great sword of flaming
              (26 damage)
             ... in the Dungeon (Sprint I: "Red Sonja").
             The game lasted 00:19:10 (1300 turns).

Heoruswealwe the Ninja (Spriggan Artificer)         Turns: 1300, Time: 00:19:12

Health: 0/56       AC:  2    Str:  8    XL:     11   Next: 90%
Magic:  12/12      EV: 34    Int: 19    God:    Gozag
Gold:   2805       SH:  0    Dex: 20    Spells: 10/10 levels left

rFire   . . .        a - +3 rapier (venom)
rCold   . . .        (no shield)
rNeg    . . .        c - +0 robe
rPois   .            (helmet restricted)
rElec   .            (no cloak)
rCorr   .            (gloves unavailable)
SInv    +            (boots unavailable)
Will    ++...        (no amulet)
Stlth   ++++++++++   e - +6 ring of intelligence
HPRegen 0.29/turn    n - ring of willpower
MPRegen 0.13/turn

%: no teleportation
@: gold aura, very quick
A: very small, no large weapons, unfitting armour, see invisible, speed 3
a: Renounce Religion, Potion Petition, Call Merchant, Bribe Branch


You were in the Dungeon.
You worshipped Gozag.
Gozag was most pleased with you.
You visited 1 branch You collected 5846 gold pieces.
You spent 661 gold pieces at shops.
You donated 35 gold pieces to Zin.
You paid 2345 gold pieces to Gozag.

Inventory:

Hand Weapons
 a - a +3 rapier of venom (weapon)
Armour
 c - a +0 robe (worn)
Jewellery
 e - a +6 ring of intelligence (left hand)
 n - a ring of willpower (right hand)
Wands
 b - a wand of flame (9) (quivered)
 d - a wand of charming (6)
 l - a wand of polymorph (7)
 m - a wand of roots (4)
 q - a wand of mindburst (2)
Scrolls
 k - a scroll of blinking
 o - a scroll of poison
 s - 2 scrolls of identify
Potions
 f - 3 potions of curing
 h - 2 potions of haste
 i - 2 potions of magic
 j - a potion of berserk rage
 p - 3 potions of mutation
 t - 2 potions of might
Miscellaneous
 r - a phantom mirror


   Skills:
 + Level 5.9 Fighting
 + Level 7.6 Short Blades
 + Level 19.3 Dodging
 O Level 27 Stealth
 * Level 21.1 Evocations


You had 10 spell levels left.
You didn't know any spells.
Your spell library was empty.

Dungeon Overview and Level Annotations

Branches:
Dungeon (1/1)

Altars:
Cheibriados
Dithmenos
Elyvilon
Fedhas
Gozag
Hepliaklqana
Kikubaaqudgha
Makhleb
Nemelex Xobeh
Okawaru
Qazlal
Ru
Sif Muna
Trog
Uskayaw
Vehumet
Wu Jian
Xom
Yredelemnul
Zin
The Shining One
Jiyva
Lugonu

Shops:
D ::*:!??=(![*?(?***:?*[[=


Innate Abilities, Weirdness & Mutations

You are very small and have problems with some larger weapons.
You are too small for most types of armour.
You have supernaturally acute eyesight. (SInv)
You cover ground extremely quickly. (Speed+++)


Message History

HP restored.
You open the door.
There is an open door here.
A fire giant comes into view.
It is wielding a +1 great sword of flaming.
A fire giant comes into view.
It is wielding a +2 great sword of flaming.
A fire giant comes into view.
It is wielding a +1 great sword of flaming.
A fire giant comes into view.
It is wielding a +3 great sword of flaming.
Found five items.
Found a sling, a chain mail and 81 gold pieces.
The helpless fire giant fails to defend itself.
You skewer the fire giant like a kebab!!!!!
You kill the fire giant!
Your Evocations skill increases to level 21!
Found 73 gold pieces and a spear.
The fire giant shouts!
Things that are here:
216 gold pieces; a +1 great sword of flaming
Aiming: Charm
Press: ? - help, Shift-Dir - straight line, f - fire giant
Aim: a fire giant, wielding a +1 great sword of flaming (chance to affect: 36%)
The fire giant easily resists.
The fire giant gestures at you while chanting.
The fireball explodes!
The fireball engulfs you!!
Ouch! That really hurt!
You hear a shout!
Aiming: Charm
Press: ? - help, Shift-Dir - straight line, f/p - fire giant
Aim: a fire giant, wielding a +1 great sword of flaming (chance to affect: 36%)
The fire giant easily resists.
Aiming: Charm
Press: ? - help, Shift-Dir - straight line, f/p - fire giant
Aim: a fire giant, wielding a +1 great sword of flaming (chance to affect: 36%)
The fire giant easily resists.
Aiming: Charm
Press: ? - help, Shift-Dir - straight line, f/p - fire giant
Aim: a fire giant, wielding a +1 great sword of flaming (chance to affect: 36%)
The fire giant easily resists.
The fire giant hits you with a +1 great sword of flaming!!
You die...
Your body crumbles into a pile of gold.

###.###.# #..#+###
..'(∩##.# $$ ##...#
#######§# $$ $$ $###.#
.....##.# $$$$$$$$$#.#
......+.# $$$$$$$$$#.#
'######§# $ $$$$$$####'#
$$$ ......#§##
$$$###....# $$
.....#+.#/(?#####...####
∩∩..~####)....CC@.###
...~~# $)?..C.#####
.~~~## $[....# $$ ~~###
)....# $$$ ##'###


$$$$$ $$$$ ###∩∩# #### $$$$ ∩∩∩∩## ≈≈≈ ##### ### $$ $$$ You could see 3 fire
giants.

Vanquished Creatures
  A fire giant (D)
  2 centaur warriors (D)
  Sonja (D)
  A deep troll (D)
  A lindwurm (D)
  An oklob plant (D)
  8 shining eyes (D)
  4 demonic crawlers (D)
  7 unseen horrors (D)
  2 kobold demonologists (D)
  A hornet (D)
  A slime creature (D)
  Sigmund (D)
  A yak (D)
  13 hogs (D)
  2 redbacks (D)
  6 floating eyes (D)
  An ogre (D)
  5 necrophages (D)
  5 jellies (D)
  Ijyb (D)
  A ballistomycete spore (D)
66 creatures vanquished.

Vanquished Creatures (collateral kills)
  A necrophage (D)
1 creature vanquished.

Vanquished Creatures (others)
  A necrophage (D)
  3 jellies (D)
  A ballistomycete spore (D)
5 creatures vanquished.

Grand Total: 72 creatures vanquished

Notes
Turn   | Place    | Note
-------+----------+-------------------------------------------
     0 | D        | Heoruswealwe the Spriggan Artificer began the quest for the
                  | Orb.
     0 | D        | Reached XP level 1. HP: 9/9 MP: 2/2
     1 | D        | Noticed Ijyb
     3 | D        | Killed Ijyb
     4 | D        | Reached skill level 6 in Stealth
     4 | D        | Reached skill level 5 in Evocations
     4 | D        | Reached XP level 2. HP: 14/14 MP: 3/3
    12 | D        | Noticed an ogre
    24 | D        | Killed an ogre
    25 | D        | Reached skill level 10 in Stealth
    25 | D        | Reached XP level 3. HP: 17/17 MP: 4/4
    25 | D        | Reached XP level 4. HP: 21/21 MP: 5/5
    42 | D        | Noticed Sigmund
    52 | D        | Killed Sigmund
    53 | D        | Reached skill level 13 in Stealth
    53 | D        | Reached XP level 5. HP: 21/25 MP: 6/6
    71 | D        | Found an ornate altar of the Wu Jian Council.
    71 | D        | Found a shimmering blue altar of Sif Muna.
    73 | D        | Found a radiant altar of Vehumet.
    78 | D        | Reached XP level 6. HP: 29/29 MP: 7/7
   109 | D        | Found Xaixes's Book Emporium.
   109 | D        | Found an ancient bone altar of Kikubaaqudgha.
   109 | D        | Found a hazy altar of Hepliaklqana.
   109 | D        | Found a stormy altar of Qazlal.
   109 | D        | Found a hide-covered altar of Uskayaw.
   109 | D        | Found a blossoming altar of Fedhas.
   109 | D        | Found a bloodstained altar of Trog.
   109 | D        | Found an iron altar of Okawaru.
   109 | D        | Found a basalt altar of Yredelemnul.
   109 | D        | Found a glowing golden altar of the Shining One.
   109 | D        | Found a snail-covered altar of Cheibriados.
   109 | D        | Found a sacrificial altar of Ru.
   109 | D        | Found a glowing silver altar of Zin.
   109 | D        | Found a shadowy altar of Dithmenos.
   109 | D        | Found a white marble altar of Elyvilon.
   109 | D        | Noticed a yak
   110 | D        | Found an opulent altar of Gozag.
   111 | D        | Killed a yak
   112 | D        | Reached skill level 10 in Dodging
   112 | D        | Reached skill level 15 in Stealth
   112 | D        | Reached skill level 10 in Evocations
   112 | D        | Found a sparkling altar of Nemelex Xobeh.
   117 | D        | Became a worshipper of Zin the Law-Giver
   117 | D        | Reached * piety under Zin
   117 | D        | Reached ** piety under Zin
   117 | D        | Reached *** piety under Zin
   117 | D        | Reached **** piety under Zin
   117 | D        | Reached ***** piety under Zin
   117 | D        | Reached ****** piety under Zin
   126 | D        | Noticed Sonja
   130 | D        | Killed Sonja
   131 | D        | Reached skill level 18 in Stealth
   131 | D        | Reached XP level 7. HP: 32/32 MP: 8/8
   146 | D        | Found Faemuicuet's Book Boutique.
   156 | D        | Noticed a shining eye
   156 | D        | Noticed a shining eye
   156 | D        | Noticed a shining eye
   156 | D        | Noticed a shining eye
   156 | D        | Noticed a shining eye
   156 | D        | Noticed a shining eye
   159 | D        | Reached XP level 8. HP: 37/37 MP: 9/9
   159 | D        | Noticed a shining eye
   159 | D        | Noticed a shining eye
   162 | D        | Reached skill level 19 in Stealth
   169 | D        | Killed a shining eye
   170 | D        | Reached skill level 20 in Stealth
   199 | D        | Killed a shining eye
   200 | D        | Reached skill level 21 in Stealth
   200 | D        | Reached XP level 9. HP: 40/40 MP: 10/10
   217 | D        | Killed a shining eye
   218 | D        | Reached skill level 22 in Stealth
   226 | D        | Killed a shining eye
   236 | D        | Killed a shining eye
   237 | D        | Reached skill level 23 in Stealth
   237 | D        | Reached skill level 15 in Evocations
   248 | D        | Killed a shining eye
   249 | D        | Reached skill level 15 in Dodging
   262 | D        | Killed a shining eye
   263 | D        | Reached skill level 24 in Stealth
   263 | D        | Reached XP level 10. HP: 44/44 MP: 11/11
   283 | D        | Killed a shining eye
   302 | D        | Found Axuluuffos's Book Shoppe.
   302 | D        | Found Erie's Distillery.
   302 | D        | Found Lyhoh's General Store.
   302 | D        | Found Emi Ock's Magic Scroll Boutique.
   341 | D        | Fell from the grace of Zin
   341 | D        | Became a worshipper of Gozag Ym Sagoz the Greedy
   437 | D        | Noticed a deep troll
   441 | D        | Killed a deep troll
   442 | D        | Reached skill level 25 in Stealth
   452 | D        | Found Gegeej's Armour Emporium.
   476 | D        | Noticed a centaur warrior
   478 | D        | Noticed a centaur warrior
   480 | D        | Killed a centaur warrior
   482 | D        | Killed a centaur warrior
   483 | D        | Reached skill level 26 in Stealth
   587 | D        | Noticed an oklob plant
   589 | D        | Killed an oklob plant
   641 | D        | Reached skill level 27 in Stealth
   643 | D        | Reached skill level 1 in Fighting
   643 | D        | Reached skill level 1 in Short Blades
   674 | D        | Reached XP level 11. HP: 41/49 MP: 12/12
   755 | D        | Found Duluffyv's General Store.
   755 | D        | Found Ecaos's Jewellery Emporium.
   755 | D        | Found Tesa's Antique Armour Emporium.
   757 | D        | Found Eweu's Magic Scroll Boutique.
   757 | D        | Found Bink's Book Shoppe.
   757 | D        | Found Siowno Byergh's General Store.
   757 | D        | Found Iklair's Magic Scroll Emporium.
   757 | D        | Found Omaum's Magic Scroll Boutique.
   757 | D        | Found Visheent's Assorted Antiques.
   757 | D        | Found Fecel's Armour Shop.
   761 | D        | Found Dugoj's Distillery.
   762 | D        | Bought 3 scrolls of identify for 72 gold pieces
   762 | D        | Bought a scroll of identify for 24 gold pieces
   762 | D        | Bought a scroll of identify for 24 gold pieces
   762 | D        | Found Qemev's Weapon Boutique.
   762 | D        | Found Defo's Jewellery Shoppe.
   763 | D        | Found Faemuicuet's Magic Scroll Shop.
   767 | D        | Bought a green potion for 26 gold pieces
   767 | D        | Bought a scroll labelled KIESAGROUR for 29 gold pieces
   767 | D        | Bought a green potion for 26 gold pieces
   770 | D        | Bought a +3 rapier of venom for 218 gold pieces
   774 | D        | Bought a scroll of identify for 24 gold pieces
   774 | D        | Bought a scroll of identify for 24 gold pieces
   800 | D        | Bought a wand of roots (4) for 134 gold pieces
   800 | D        | Bought a wand of mindburst (2) for 39 gold pieces
   802 | D        | Bought a wand of polymorph (1) for 21 gold pieces
   854 | D        | Found a burning altar of Makhleb.
   854 | D        | Found a viscous altar of Jiyva.
   854 | D        | Found a shimmering altar of Xom.
   854 | D        | Found a corrupted altar of Lugonu.
   926 | D        | Noticed a lindwurm
   928 | D        | Killed a lindwurm
   929 | D        | Reached skill level 5 in Short Blades
  1042 | D        | Noticed a daeva
  1059 | D        | Reached skill level 5 in Fighting
  1286 | D        | Noticed a fire giant
  1289 | D        | Noticed a fire giant
  1290 | D        | Noticed a fire giant
  1291 | D        | Noticed a fire giant
  1293 | D        | Killed a fire giant
  1300 | D        | Slain by a fire giant

Illustrated notes

Levels and vault maps discovered:
D:        dungeon_sprint_1 [red_sonja_temple_1, red_sonja_temple_small_1]

Skill      XL: |  1  2  3  4  5  6  7  8  9 10 11 |
---------------+----------------------------------+-----
Dodging        | 4 6 8 9 11 12 13 15 17 19 | 19.3
Stealth        | 6 10 13 18 21 24 27 | 27.0
Evocations     | 5 7 9 12 13 15 17 21 | 21.1
Fighting       | 1 5 |  5.9
Short Blades   | 1 7 |  7.6

Action                     |  1- 3 |  4- 6 |  7- 9 | 10-12 || total
---------------------------+-------+-------+-------+-------++-------
  Melee: Dagger            |       |     3 |    75 |    58 ||   136
         Punch             |       |       |     1 |     2 ||     3
         Rapier            |       |       |       |   105 ||   105
 Invoke: Call Merchant     |       |       |       |     3 ||     3
  Evoke: Wand              |     6 |     4 |       |    10 ||    20
    Use: Scroll            |       |       |       |     5 ||     5
         Potion            |       |       |       |     1 ||     1
   Stab: Sleeping          |       |     3 |     5 |    26 ||    34
         Distracted        |       |       |       |     3 ||     3
 Armour: Robe              |       |       |       |     2 ||     2
  Dodge: Dodged            |       |     1 |       |   127 ||   128
